BUFFALO vs ARIZONA

Created - March-23-21 at 21:36

Goals
1 2 3 OT1 T
BUFFALO 1 0 1 1 3
ARIZONA 0 1 1 0 2
Shots
1 2 3 OT1 T
BUFFALO 7 13 13 2 35
ARIZONA 5 7 14 0 26

1st period

1. BUFFALO , Matt Duchene 10 (Alex Killorn 11, Brad Marchand 13) at 18:56

Penalties :
Zack Kassian (ARI) for Hooking (Minor) at 15:45, Jean-Gabriel Pageau (ARI) for Hooking (Minor) at 19:09

2nd period

2. ARIZONA , Bryan Little 8 (Evgeni Malkin 20, Justin Faulk 21) at 8:25 (PP)

Penalties :
Justin Faulk (ARI) for Roughing (Minor) at 3:29, Roman Josi (BUF) for Holding (Minor) at 7:26

3rd period

3. BUFFALO , Noel Acciari 3 (Drew Doughty 20, Ondrej Kase 2) at 18:39
4. ARIZONA , Thomas Chabot 5 (Bryan Little 9) at 19:32

Penalties :
Drew Doughty (BUF) for Tripping (Minor) at 7:53

Overtime #1

5. BUFFALO , Jordan Staal 6 (Noel Acciari 3, Drew Doughty 21) at 1:26

Penalties :
No Penalty

Goalie Stats

Tuukka Rask (BUF), 24 saves from 26 shots - (0.923), W, 21-8-2, 61:27 minutes
Corey Crawford (ARI), 32 saves from 35 shots - (0.914), OTL, 15-11-6, 61:27 minutes

Players Stats for BUFFALO

Player Name              G  A  P  +/- PIM S  H  SB GA TA FO     MP     PP MP  PK MP  
------------------------------------------------------------------------------------
Alex Killorn             0  1  1   1  0   3  2  0  0  0  2/4    16:33   0:00   0:00 
Brad Marchand            0  1  1   0  0   6  1  0  0  0  1/1    22:03   3:12   2:07 
Carl Hagelin             0  0  0   0  0   0  0  0  0  0  0/0    11:42   0:00   0:43 
Charlie Coyle            0  0  0  -1  0   4  3  0  0  0  0/3    13:55   2:45   0:00 
Drew Doughty             0  2  2   1  2   1  2  1  0  0  0/0    26:23   3:10   0:30 
Eric Staal               0  0  0   0  0   1  4  0  0  0  13/22  18:26   2:45   0:16 
Frank Vatrano            0  0  0   1  0   5  2  0  0  0  0/0     8:58   0:00   0:00 
James van Riemsdyk       0  0  0   0  0   1  0  1  0  0  0/1    17:09   2:45   0:00 
Jordan Staal             1  0  1   0  0   3  1  0  0  0  8/15   13:55   0:12   2:07 
Marco Scandella          0  0  0   0  0   1  4  0  0  0  0/0    14:17   0:00   0:26 
Matt Duchene             1  0  1   1  0   2  0  0  0  0  14/24  19:45   3:12   0:00 
Matt Grzelcyk            0  0  0   0  0   0  0  3  0  0  0/0    14:53   0:00   1:25 
Noah Hanifin             0  0  0   1  0   1  0  2  0  0  0/0    20:11   2:47   1:21 
Noel Acciari             1  1  2   2  0   2  0  1  0  0  7/12   10:24   0:00   0:43 
Ondrej Kase              0  1  1   1  0   1  0  0  0  0  0/0     8:58   0:00   0:00 
Phil Kessel              0  0  0   0  0   2  0  0  0  0  0/1    18:08   3:00   0:00 
Roman Josi               0  0  0   0  2   0  3  0  0  0  0/0    25:36   3:10   0:59 
Shea Theodore            0  0  0   1  0   2  1  1  0  0  0/0    20:05   2:47   1:15 

Players Stats for ARIZONA

Player Name              G  A  P  +/- PIM S  H  SB GA TA FO     MP     PP MP  PK MP  
------------------------------------------------------------------------------------
Adrian Kempe             0  0  0  -1  0   1  1  0  0  0  0/0    16:43   1:28   0:00 
Brad Richardson          0  0  0  -1  0   1  0  0  0  0  0/4     9:26   0:00   0:43 
Bryan Little             1  1  2   1  0   1  0  1  0  0  2/2    18:43   1:30   0:00 
Conor Sheary             0  0  0  -2  0   1  0  0  0  0  0/0    15:33   0:00   0:00 
Evgeni Malkin            0  1  1   0  0   1  0  0  0  0  5/16   17:52   1:30   0:00 
Gabriel Landeskog        0  0  0   1  0   3  0  0  0  0  0/0    22:00   1:30   4:26 
Henri Jokiharju          0  0  0  -2  0   0  1  2  0  0  0/0    21:01   1:28   3:15 
Jacob Larsson            0  0  0   0  0   3  0  1  0  0  0/0    17:22   0:00   2:44 
Jay Bouwmeester          0  0  0  -1  0   0  3  3  0  0  0/0    22:11   1:28   3:34 
Jean-Gabriel Pageau      0  0  0   0  2   1  0  0  0  0  7/23   14:25   0:00   2:14 
Joel Eriksson Ek         0  0  0   0  0   2  1  0  0  0  2/2    13:31   0:00   1:19 
Justin Faulk             0  1  1   0  2   0  1  1  0  0  0/0    23:23   1:30   2:17 
Mario Ferraro            0  0  0   0  0   3  1  0  0  0  0/0    15:28   0:00   0:00 
Mikael Backlund          0  0  0  -1  0   2  2  1  0  0  14/23  18:02   1:28   1:19 
Nicolas Aube-Kubel       0  0  0  -1  0   1  0  0  0  0  0/0     7:34   0:00   0:00 
Riley Sheahan            0  0  0  -1  0   2  0  0  0  0  8/13    9:27   0:00   1:53 
Thomas Chabot            1  0  1   0  0   2  0  0  0  0  0/0    22:01   1:30   0:04 
Zack Kassian             0  0  0   0  2   2  2  0  0  0  0/0    13:39   1:28   0:00 

3 Stars

1 - Noel Acciari (BUF)
2 - Bryan Little (ARI)
3 - Matt Duchene (BUF)

Power Play

BUFFALO - 0 on 3 Attempt(s) - 0.00%
ARIZONA - 1 on 2 Attempt(s) - 50.00%

Penalty Kill

BUFFALO - 1 on 2 Attempt(s) - 50.00% - Score 0 goal in Penalty Kill
ARIZONA - 3 on 3 Attempt(s) - 100.00% - Score 0 goal in Penalty Kill

Team Stat

BUFFALO - Hits : 23 - Faceoff Wins : 45 - Blocked Shots : 9 - Penalty Minutes : 4
ARIZONA - Hits : 12 - Faceoff Wins : 38 - Blocked Shots : 9 - Penalty Minutes : 6

Official

Referees : Brandon Schrader and Eric Furlatt
Linesman : Brian Mach and Tony Sericolo

Game Notes

No Game Note

Finance

Level 1 -- Attendance: 5506 (91.77%) -- Ticket Income $479,022
Level 2 -- Attendance: 4485 (89.70%) -- Ticket Income $260,130
Level 3 -- Attendance: 1975 (98.75%) -- Ticket Income $69,125
Level 4 -- Attendance: 3684 (92.10%) -- Ticket Income $73,680
Luxury Box -- Attendance: 773 (77.30%) -- Ticket Income $143,005
Game was played at the Gila River Arena.
Total Attendance: 16423 (91.24%)
Total Ticket Income: $1,024,962
Total Income: $1,024,962

BUFFALO

5 vs 5 Forward 
   Center                   Left Wing                Right Wing               Time % Phy DF OF 
 1 Matt Duchene             Alex Killorn             Brad Marchand            35     1   0  4  
 2 Eric Staal               James van Riemsdyk       Phil Kessel              30     1   0  4  
 3 Jordan Staal             Carl Hagelin             Charlie Coyle            25     1   1  3  
 4 Noel Acciari             Frank Vatrano            Ondrej Kase              10     2   2  1  

5 vs 5 Defense 
   Defense                  Defense                                           Time % Phy DF OF 
 1 Roman Josi               Drew Doughty                                      35     1   1  3  
 2 Noah Hanifin             Shea Theodore                                     30     1   1  3  
 3 Marco Scandella          Matt Grzelcyk                                     25     1   1  3  
 4 Roman Josi               Drew Doughty                                      10     1   1  3  

PowerPlay Forward 
   Center                   Left Wing                Right Wing               Time % Phy DF OF 
 1 Matt Duchene             Brad Marchand            Phil Kessel              60     0   0  5  
 2 Eric Staal               James van Riemsdyk       Charlie Coyle            40     0   0  5  

PowerPlay Defense
   Defense                  Defense                                           Time % Phy DF OF 
 1 Roman Josi               Drew Doughty                                      60     1   0  4  
 2 Noah Hanifin             Shea Theodore                                     40     1   0  4  

Penalty Kill 4 Players Forward 
   Center                   Wing                     Time % Phy DF OF 
 1 Jordan Staal             Brad Marchand            60     2   2  1  
 2 Noel Acciari             Carl Hagelin             40     1   3  1  

Penalty Kill 4 Players Defense
   Defense                  Defense                  Time % Phy DF OF 
 1 Roman Josi               Drew Doughty             60     1   2  2  
 2 Noah Hanifin             Shea Theodore            40     1   2  2  

Penalty Kill - 3 Players Forward 
   Forward                                           Time % Phy DF OF 
 1 Jordan Staal                                      60     1   4  0  
 2 Noel Acciari                                      40     1   4  0  

Penalty Kill - 3 Players Defense
   Defense                  Defense                  Time % Phy DF OF 
 1 Roman Josi               Drew Doughty             60     1   2  2  
 2 Noah Hanifin             Shea Theodore            40     1   2  2  

4 vs 4 Forward 
   Center                   Wing                     Time % Phy DF OF 
 1 Eric Staal               Brad Marchand            60     1   1  3  
 2 Jordan Staal             Alex Killorn             40     1   1  3  

4 vs 4 Defense
   Defense                  Defense                  Time % Phy DF OF 
 1 Roman Josi               Drew Doughty             60     1   2  2  
 2 Noah Hanifin             Shea Theodore            40     1   2  2  

Last Minutes Offensive
   Center                   Left Wing                Right Wing               Defense                  Defense                  
   Matt Duchene             James van Riemsdyk       Brad Marchand            Roman Josi               Drew Doughty             

Last Minutes Defensive
   Center                   Left Wing                Right Wing               Defense                  Defense                  
   Jordan Staal             Brad Marchand            Charlie Coyle            Roman Josi               Drew Doughty             

Goaltenders
Starting : Tuukka Rask              
Backup : Alex Stalock             

Extra Forwards
Normal : Jordan Staal, James van Riemsdyk, Carl Hagelin - PP : Jordan Staal, James van Riemsdyk - PK : Carl Hagelin
Extra Defensemen
Normal : Marco Scandella, Matt Grzelcyk, Noah Hanifin - PP : Marco Scandella - PK : Matt Grzelcyk, Noah Hanifin
Penalty Shots
Matt Duchene, Charlie Coyle, Ondrej Kase, Brad Marchand, James van Riemsdyk

Scratches
None

ARIZONA

5 vs 5 Forward 
   Center                   Left Wing                Right Wing               Time % Phy DF OF 
 1 Evgeni Malkin            Bryan Little             Gabriel Landeskog        40     1   1  3  
 2 Mikael Backlund          Conor Sheary             Adrian Kempe             30     1   2  2  
 3 Jean-Gabriel Pageau      Joel Eriksson Ek         Zack Kassian             25     1   3  1  
 4 Riley Sheahan            Brad Richardson          Nicolas Aube-Kubel       5      1   4  0  

5 vs 5 Defense 
   Defense                  Defense                                           Time % Phy DF OF 
 1 Justin Faulk             Thomas Chabot                                     35     1   2  2  
 2 Jay Bouwmeester          Henri Jokiharju                                   30     1   2  2  
 3 Jacob Larsson            Mario Ferraro                                     25     1   2  2  
 4 Justin Faulk             Thomas Chabot                                     10     1   2  2  

PowerPlay Forward 
   Center                   Left Wing                Right Wing               Time % Phy DF OF 
 1 Evgeni Malkin            Bryan Little             Gabriel Landeskog        60     1   0  4  
 2 Mikael Backlund          Adrian Kempe             Zack Kassian             40     1   1  3  

PowerPlay Defense
   Defense                  Defense                                           Time % Phy DF OF 
 1 Justin Faulk             Thomas Chabot                                     60     1   1  3  
 2 Jay Bouwmeester          Henri Jokiharju                                   40     1   2  2  

Penalty Kill 4 Players Forward 
   Center                   Wing                     Time % Phy DF OF 
 1 Jean-Gabriel Pageau      Gabriel Landeskog        60     1   3  1  
 2 Mikael Backlund          Joel Eriksson Ek         40     1   3  1  

Penalty Kill 4 Players Defense
   Defense                  Defense                  Time % Phy DF OF 
 1 Justin Faulk             Jay Bouwmeester          60     1   4  0  
 2 Jacob Larsson            Henri Jokiharju          40     1   4  0  

Penalty Kill - 3 Players Forward 
   Forward                                           Time % Phy DF OF 
 1 Jean-Gabriel Pageau                               60     1   4  0  
 2 Riley Sheahan                                     40     1   4  0  

Penalty Kill - 3 Players Defense
   Defense                  Defense                  Time % Phy DF OF 
 1 Jay Bouwmeester          Thomas Chabot            60     1   4  0  
 2 Jacob Larsson            Henri Jokiharju          40     1   4  0  

4 vs 4 Forward 
   Center                   Wing                     Time % Phy DF OF 
 1 Evgeni Malkin            Gabriel Landeskog        60     1   1  3  
 2 Mikael Backlund          Conor Sheary             40     1   2  2  

4 vs 4 Defense
   Defense                  Defense                  Time % Phy DF OF 
 1 Justin Faulk             Henri Jokiharju          60     1   2  2  
 2 Jay Bouwmeester          Thomas Chabot            40     1   2  2  

Last Minutes Offensive
   Center                   Left Wing                Right Wing               Defense                  Defense                  
   Evgeni Malkin            Bryan Little             Gabriel Landeskog        Justin Faulk             Thomas Chabot            

Last Minutes Defensive
   Center                   Left Wing                Right Wing               Defense                  Defense                  
   Jean-Gabriel Pageau      Brad Richardson          Gabriel Landeskog        Justin Faulk             Jay Bouwmeester          

Goaltenders
Starting : Corey Crawford           
Backup : Alexandar Georgiev       

Extra Forwards
Normal : Jean-Gabriel Pageau, Riley Sheahan, Joel Eriksson Ek - PP : Jean-Gabriel Pageau, Riley Sheahan - PK : Riley Sheahan
Extra Defensemen
Normal : Henri Jokiharju, Mario Ferraro, Jay Bouwmeester - PP : Henri Jokiharju - PK : Henri Jokiharju, Jacob Larsson
Penalty Shots
Gabriel Landeskog, Evgeni Malkin, Mikael Backlund, Bryan Little, Jean-Gabriel Pageau

Scratches
Nick Shore (Healthy), ARI Cap Hit (Suspend), Oliver Kylington (Healthy), Evan Barratt (Healthy)

% Time on Ice - BUFFALO

Lines # - Real PCT - Wanted PCT - Time Play
Normal Forward
1 - 33% - 35% - 16:33
2 - 28% - 30% - 14:24
3 - 22% - 25% - 10:59
4 - 18% - 10% - 8:58
Normal Defense
1 - 35% - 35% - 17:58
2 - 32% - 30% - 16:03
3 - 26% - 25% - 13:28
4 - 7% - 10% - 3:25
PP Forward
1 - 54% - 60% - 3:12
2 - 46% - 40% - 2:45
PP Defense
1 - 53% - 60% - 3:10
2 - 47% - 40% - 2:47
PK Forward
1 - 76% - 60% - 2:15
2 - 24% - 40% - 0:43
PK Defense
1 - 62% - 60% - 1:51
2 - 38% - 40% - 1:07
PK3 Forward
1 - 0% - 60%
2 - 0% - 40%
PK3 Defense
1 - 0% - 60%
2 - 0% - 40%
44 Forward
1 - 0% - 60%
2 - 0% - 40%
44 Defense
1 - 0% - 60%
2 - 0% - 40%
Last Minute Offensive  - 0:00
Last Minute Defensive  - 0:11
Total
Forward - 60:00
Defense - 60:00

% Time on Ice - ARIZONA

Lines # - Real PCT - Wanted PCT - Time Play
Normal Forward
1 - 31% - 40% - 15:53
2 - 30% - 30% - 15:15
3 - 24% - 25% - 12:12
4 - 15% - 5% - 7:34
Normal Defense
1 - 35% - 35% - 17:37
2 - 31% - 30% - 16:00
3 - 29% - 25% - 14:38
4 - 5% - 10% - 2:39
PP Forward
1 - 51% - 60% - 1:30
2 - 49% - 40% - 1:28
PP Defense
1 - 51% - 60% - 1:30
2 - 49% - 40% - 1:28
PK Forward
1 - 78% - 60% - 4:38
2 - 22% - 40% - 1:19
PK Defense
1 - 61% - 60% - 3:38
2 - 39% - 40% - 2:19
PK3 Forward
1 - 0% - 60%
2 - 0% - 40%
PK3 Defense
1 - 0% - 60%
2 - 0% - 40%
44 Forward
1 - 0% - 60%
2 - 0% - 40%
44 Defense
1 - 0% - 60%
2 - 0% - 40%
Last Minute Offensive  - 0:11
Last Minute Defensive  - 0:00
Total
Forward - 60:00
Defense - 60:00

Play-by-Play

1st period


0:01 of 1st period - Evgeni Malkin wins face-off versus Matt Duchene in neutral zone.
0:05 of 1st period - Off-side.
0:06 of 1st period - Mikael Backlund wins face-off versus Eric Staal in neutral zone.
0:41 of 1st period - Icing by Conor Sheary.
0:42 of 1st period - Mikael Backlund wins face-off versus Jordan Staal in ARIZONA zone.
0:46 of 1st period - Off-side.
0:47 of 1st period - Bryan Little wins face-off versus Matt Duchene in neutral zone.
0:49 of 1st period - Gabriel Landeskog is hit by Roman Josi and loses puck.
1:04 of 1st period - Shot by Gabriel Landeskog.
1:04 of 1st period - Stopped by Tuukka Rask without a rebound.
1:05 of 1st period - Joel Eriksson Ek wins face-off versus Charlie Coyle in BUFFALO zone.
1:05 of 1st period - Justin Faulk is hit by Marco Scandella and loses puck.
1:36 of 1st period - Shot by Charlie Coyle.
1:36 of 1st period - Stopped by Corey Crawford without a rebound.
1:37 of 1st period - Alex Killorn wins face-off versus Evgeni Malkin in ARIZONA zone.
2:24 of 1st period - Icing by Roman Josi.
2:25 of 1st period - Matt Duchene wins face-off versus Jean-Gabriel Pageau in BUFFALO zone.
4:35 of 1st period - Shot by Evgeni Malkin.
4:35 of 1st period - Deflect By Bryan Little.
4:35 of 1st period - Shot Blocked by Noah Hanifin.
4:48 of 1st period - Icing by Ondrej Kase.
4:49 of 1st period - Noel Acciari wins face-off versus Jean-Gabriel Pageau in BUFFALO zone.
5:05 of 1st period - Icing by Justin Faulk.
5:06 of 1st period - Jean-Gabriel Pageau wins face-off versus Jordan Staal in ARIZONA zone.
5:06 of 1st period - Thomas Chabot is hit by Charlie Coyle and loses puck.
6:10 of 1st period - Shot by Gabriel Landeskog.
6:10 of 1st period - Shot Misses the Net.
6:16 of 1st period - Shot by Evgeni Malkin.
6:16 of 1st period - Shot Misses the Net.
6:25 of 1st period - Bryan Little is hit by Marco Scandella and loses puck.
6:28 of 1st period - Shot by Gabriel Landeskog.
6:28 of 1st period - Stopped by Tuukka Rask with a rebound.
6:38 of 1st period - Shot by Evgeni Malkin.
6:38 of 1st period - Stopped by Tuukka Rask without a rebound.
6:39 of 1st period - Mikael Backlund wins face-off versus Alex Killorn in BUFFALO zone.
6:56 of 1st period - Mikael Backlund is hit by Alex Killorn and loses puck.
8:44 of 1st period - Icing by Shea Theodore.
8:45 of 1st period - Eric Staal wins face-off versus Jean-Gabriel Pageau in BUFFALO zone.
8:49 of 1st period - James van Riemsdyk is hit by Zack Kassian and loses puck.
9:06 of 1st period - Shot by Jacob Larsson.
9:06 of 1st period - Stopped by Tuukka Rask without a rebound.
9:07 of 1st period - Mikael Backlund wins face-off versus Matt Duchene in BUFFALO zone.
9:17 of 1st period - Icing by Drew Doughty.
9:18 of 1st period - Matt Duchene wins face-off versus Evgeni Malkin in BUFFALO zone.
9:25 of 1st period - Shot by Justin Faulk.
9:25 of 1st period - Shot Misses the Net.
9:36 of 1st period - Icing by Matt Duchene.
9:37 of 1st period - Matt Duchene wins face-off versus Mikael Backlund in BUFFALO zone.
11:06 of 1st period - Off-side.
11:07 of 1st period - Jean-Gabriel Pageau wins face-off versus Eric Staal in neutral zone.
11:10 of 1st period - Matt Grzelcyk is hit by Joel Eriksson Ek and loses puck.
11:24 of 1st period - Joel Eriksson Ek is hit by Marco Scandella and loses puck.
12:13 of 1st period - Shot by Brad Richardson.
12:13 of 1st period - Shot Blocked by Shea Theodore.
12:51 of 1st period - Shot by Frank Vatrano.
12:51 of 1st period - Shot Blocked by Jay Bouwmeester.
12:53 of 1st period - Shot by Roman Josi.
12:53 of 1st period - Shot Blocked by Jay Bouwmeester.
12:55 of 1st period - Shot by Frank Vatrano.
12:55 of 1st period - Stopped by Corey Crawford without a rebound.
12:56 of 1st period - Evgeni Malkin wins face-off versus Noel Acciari in ARIZONA zone.
12:56 of 1st period - Evgeni Malkin is hit by Frank Vatrano.
13:08 of 1st period - Shot by Evgeni Malkin.
13:08 of 1st period - Shot Blocked by Noel Acciari.
13:10 of 1st period - Shot by Evgeni Malkin.
13:10 of 1st period - Shot Misses the Net.
13:12 of 1st period - Shot by Gabriel Landeskog.
13:12 of 1st period - Stopped by Tuukka Rask without a rebound.
13:13 of 1st period - Mikael Backlund wins face-off versus Eric Staal in BUFFALO zone.
13:21 of 1st period - Mikael Backlund is hit by Drew Doughty and loses puck.
13:43 of 1st period - Icing by Mario Ferraro.
13:44 of 1st period - Mikael Backlund wins face-off versus Jordan Staal in ARIZONA zone.
14:54 of 1st period - Shot by Gabriel Landeskog.
14:54 of 1st period - Shot Misses the Net.
15:45 of 1st period - Minor Penalty to Zack Kassian for Hooking.
15:46 of 1st period - Eric Staal wins face-off versus Jean-Gabriel Pageau in ARIZONA zone.
16:19 of 1st period - Shot by James van Riemsdyk.
16:19 of 1st period - Stopped by Corey Crawford without a rebound.
16:20 of 1st period - Jean-Gabriel Pageau wins face-off versus Matt Duchene in ARIZONA zone.
16:46 of 1st period - Shot by Matt Duchene.
16:46 of 1st period - Deflect By Phil Kessel.
16:46 of 1st period - Shot Misses the Net.
16:48 of 1st period - Shot by Shea Theodore.
16:48 of 1st period - Stopped by Corey Crawford without a rebound.
16:49 of 1st period - Jean-Gabriel Pageau wins face-off versus Eric Staal in ARIZONA zone.
18:54 of 1st period - Shot by Alex Killorn.
18:54 of 1st period - Shot Blocked by Henri Jokiharju.
18:56 of 1st period - Shot by Matt Duchene.
18:56 of 1st period - Goal by Matt Duchene - BUFFALO : 1 - ARIZONA : 0.
18:57 of 1st period - Jean-Gabriel Pageau wins face-off versus Eric Staal in neutral zone.
19:09 of 1st period - Minor Penalty to Jean-Gabriel Pageau for Hooking.
19:10 of 1st period - Matt Duchene wins face-off versus Brad Richardson in ARIZONA zone.
19:27 of 1st period - Shot by Brad Marchand.
19:27 of 1st period - Stopped by Corey Crawford without a rebound.
19:28 of 1st period - Matt Duchene wins face-off versus Brad Richardson in ARIZONA zone.
19:50 of 1st period - Shot by Brad Marchand.
19:50 of 1st period - Shot Misses the Net.
19:54 of 1st period - Shot by Noah Hanifin.
19:54 of 1st period - Shot Misses the Net.
19:56 of 1st period - Shot by Noah Hanifin.
19:56 of 1st period - Deflect By Phil Kessel.
19:56 of 1st period - Shot Misses the Net.
19:58 of 1st period - Shot by Noah Hanifin.
19:58 of 1st period - Stopped by Corey Crawford without a rebound.
19:59 of 1st period - Eric Staal wins face-off versus Riley Sheahan in ARIZONA zone.
Goals for this period are 1 for BUFFALO vs 0 for ARIZONA.
Shots for this period are 7 for BUFFALO vs 5 for ARIZONA.

2nd period


0:01 of 2nd period - Matt Duchene wins face-off versus Riley Sheahan in neutral zone.
0:10 of 2nd period - Icing by Roman Josi.
0:11 of 2nd period - Riley Sheahan wins face-off versus Matt Duchene in BUFFALO zone.
0:11 of 2nd period - Riley Sheahan is hit by Drew Doughty.
0:13 of 2nd period - Shot by Gabriel Landeskog.
0:13 of 2nd period - Deflect By Riley Sheahan.
0:13 of 2nd period - Stopped by Tuukka Rask without a rebound.
0:14 of 2nd period - Riley Sheahan wins face-off versus Matt Duchene in BUFFALO zone.
0:37 of 2nd period - Shot by Brad Marchand.
0:37 of 2nd period - Stopped by Corey Crawford without a rebound.
0:38 of 2nd period - Riley Sheahan wins face-off versus Charlie Coyle in ARIZONA zone.
0:38 of 2nd period - Riley Sheahan is hit by Charlie Coyle.
1:04 of 2nd period - Justin Faulk is hit by Eric Staal and loses puck.
1:29 of 2nd period - Icing by Drew Doughty.
1:30 of 2nd period - Matt Duchene wins face-off versus Jean-Gabriel Pageau in BUFFALO zone.
1:39 of 2nd period - Shot by Brad Marchand.
1:39 of 2nd period - Shot Misses the Net.
1:41 of 2nd period - Shot by Alex Killorn.
1:41 of 2nd period - Stopped by Corey Crawford with a rebound.
1:43 of 2nd period - Shot by Alex Killorn.
1:43 of 2nd period - Stopped by Corey Crawford without a rebound.
1:44 of 2nd period - Jordan Staal wins face-off versus Evgeni Malkin in ARIZONA zone.
1:44 of 2nd period - Charlie Coyle is hit by Jay Bouwmeester and loses puck.
1:48 of 2nd period - Carl Hagelin is hit by Jay Bouwmeester and loses puck.
2:06 of 2nd period - Carl Hagelin is hit by Henri Jokiharju and loses puck.
2:38 of 2nd period - Icing by Marco Scandella.
2:39 of 2nd period - Jordan Staal wins face-off versus Jean-Gabriel Pageau in BUFFALO zone.
3:12 of 2nd period - Jean-Gabriel Pageau is hit by Eric Staal.
3:29 of 2nd period - Minor Penalty to Justin Faulk for Roughing.
3:30 of 2nd period - Matt Duchene wins face-off versus Jean-Gabriel Pageau in ARIZONA zone.
3:31 of 2nd period - Shot by Brad Marchand.
3:31 of 2nd period - Shot Blocked by Henri Jokiharju.
3:33 of 2nd period - Shot by Matt Duchene.
3:33 of 2nd period - Stopped by Corey Crawford without a rebound.
3:34 of 2nd period - Matt Duchene wins face-off versus Jean-Gabriel Pageau in ARIZONA zone.
3:39 of 2nd period - Shot by Shea Theodore.
3:39 of 2nd period - Stopped by Corey Crawford with a rebound.
3:41 of 2nd period - Shot by Brad Marchand.
3:41 of 2nd period - Shot Misses the Net.
3:43 of 2nd period - Shot by Matt Duchene.
3:43 of 2nd period - Shot Misses the Net.
4:10 of 2nd period - Icing by Brad Marchand.
4:11 of 2nd period - Matt Duchene wins face-off versus Mikael Backlund in BUFFALO zone.
4:13 of 2nd period - Icing by Noah Hanifin.
4:14 of 2nd period - Matt Duchene wins face-off versus Mikael Backlund in BUFFALO zone.
5:12 of 2nd period - Shot by Charlie Coyle.
5:12 of 2nd period - Stopped by Corey Crawford with a rebound.
5:30 of 2nd period - Adrian Kempe is hit by Frank Vatrano.
5:56 of 2nd period - Shot by Frank Vatrano.
5:56 of 2nd period - Stopped by Corey Crawford without a rebound.
5:57 of 2nd period - Jean-Gabriel Pageau wins face-off versus Matt Duchene in ARIZONA zone.
6:42 of 2nd period - Icing by Mario Ferraro.
6:43 of 2nd period - Eric Staal wins face-off versus Jean-Gabriel Pageau in ARIZONA zone.
7:05 of 2nd period - Gabriel Landeskog is hit by Roman Josi.
7:26 of 2nd period - Minor Penalty to Roman Josi for Holding.
7:27 of 2nd period - Mikael Backlund wins face-off versus Jordan Staal in BUFFALO zone.
7:38 of 2nd period - Adrian Kempe is hit by Jordan Staal and loses puck.
8:25 of 2nd period - Shot by Bryan Little.
8:25 of 2nd period - Goal by Bryan Little - BUFFALO : 1 - ARIZONA : 1.
8:26 of 2nd period - Noel Acciari wins face-off versus Riley Sheahan in neutral zone.
8:30 of 2nd period - Off-side.
8:31 of 2nd period - Riley Sheahan wins face-off versus Eric Staal in neutral zone.
8:43 of 2nd period - Icing by Mario Ferraro.
8:44 of 2nd period - Riley Sheahan wins face-off versus Noel Acciari in ARIZONA zone.
9:22 of 2nd period - Off-side.
9:23 of 2nd period - Evgeni Malkin wins face-off versus Eric Staal in neutral zone.
10:18 of 2nd period - Icing by Shea Theodore.
10:19 of 2nd period - Mikael Backlund wins face-off versus Eric Staal in BUFFALO zone.
10:24 of 2nd period - Shot by Mikael Backlund.
10:24 of 2nd period - Shot Misses the Net.
11:15 of 2nd period - Icing by Jacob Larsson.
11:16 of 2nd period - Jordan Staal wins face-off versus Jean-Gabriel Pageau in ARIZONA zone.
11:19 of 2nd period - Shot by Carl Hagelin.
11:19 of 2nd period - Shot Blocked by Jacob Larsson.
11:41 of 2nd period - Shot by Charlie Coyle.
11:41 of 2nd period - Shot Misses the Net.
11:44 of 2nd period - Icing by Jacob Larsson.
11:45 of 2nd period - Noel Acciari wins face-off versus Jean-Gabriel Pageau in ARIZONA zone.
11:45 of 2nd period - Noel Acciari is hit by Mario Ferraro.
11:51 of 2nd period - Shot by Frank Vatrano.
11:51 of 2nd period - Shot Misses the Net.
11:53 of 2nd period - Shot by Frank Vatrano.
11:53 of 2nd period - Stopped by Corey Crawford without a rebound.
11:54 of 2nd period - Matt Duchene wins face-off versus Evgeni Malkin in ARIZONA zone.
12:03 of 2nd period - Shot by Brad Marchand.
12:03 of 2nd period - Stopped by Corey Crawford without a rebound.
12:04 of 2nd period - Jordan Staal wins face-off versus Mikael Backlund in ARIZONA zone.
13:05 of 2nd period - Icing by Roman Josi.
13:06 of 2nd period - Jordan Staal wins face-off versus Jean-Gabriel Pageau in BUFFALO zone.
13:28 of 2nd period - Shot by Joel Eriksson Ek.
13:28 of 2nd period - Shot Hit the Post.
13:44 of 2nd period - Shot by Zack Kassian.
13:44 of 2nd period - Stopped by Tuukka Rask without a rebound.
13:45 of 2nd period - Eric Staal wins face-off versus Evgeni Malkin in BUFFALO zone.
14:04 of 2nd period - Shot by Mario Ferraro.
14:04 of 2nd period - Shot Misses the Net.
14:06 of 2nd period - Shot by Mario Ferraro.
14:06 of 2nd period - Shot Misses the Net.
14:08 of 2nd period - Shot by Jacob Larsson.
14:08 of 2nd period - Shot Misses the Net.
14:10 of 2nd period - Shot by Jacob Larsson.
14:10 of 2nd period - Stopped by Tuukka Rask without a rebound.
14:11 of 2nd period - Mikael Backlund wins face-off versus Matt Duchene in BUFFALO zone.
14:19 of 2nd period - Shot by Conor Sheary.
14:19 of 2nd period - Stopped by Tuukka Rask without a rebound.
14:20 of 2nd period - Matt Duchene wins face-off versus Jean-Gabriel Pageau in BUFFALO zone.
14:27 of 2nd period - Shot by Brad Marchand.
14:27 of 2nd period - Stopped by Corey Crawford without a rebound.
14:28 of 2nd period - Eric Staal wins face-off versus Evgeni Malkin in ARIZONA zone.
15:08 of 2nd period - Shot by Phil Kessel.
15:08 of 2nd period - Stopped by Corey Crawford without a rebound.
15:09 of 2nd period - Alex Killorn wins face-off versus Mikael Backlund in ARIZONA zone.
15:11 of 2nd period - Brad Marchand is hit by Jay Bouwmeester and loses puck.
15:26 of 2nd period - Shea Theodore is hit by Mikael Backlund and loses puck.
15:39 of 2nd period - Shot by Brad Marchand.
15:39 of 2nd period - Stopped by Corey Crawford without a rebound.
15:40 of 2nd period - Jordan Staal wins face-off versus Jean-Gabriel Pageau in ARIZONA zone.
15:45 of 2nd period - Shot by Carl Hagelin.
15:45 of 2nd period - Deflect By Jordan Staal.
15:45 of 2nd period - Stopped by Corey Crawford without a rebound.
15:46 of 2nd period - Bryan Little wins face-off versus Jordan Staal in ARIZONA zone.
15:46 of 2nd period - Bryan Little is hit by Charlie Coyle.
17:25 of 2nd period - Shot by Mikael Backlund.
17:25 of 2nd period - Stopped by Tuukka Rask without a rebound.
17:26 of 2nd period - Eric Staal wins face-off versus Jean-Gabriel Pageau in BUFFALO zone.
17:26 of 2nd period - Eric Staal is hit by Zack Kassian.
17:36 of 2nd period - Shot by Jean-Gabriel Pageau.
17:36 of 2nd period - Stopped by Tuukka Rask without a rebound.
17:37 of 2nd period - Noel Acciari wins face-off versus Riley Sheahan in BUFFALO zone.
18:44 of 2nd period - Roman Josi is hit by Adrian Kempe and loses puck.
Goals for this period are 0 for BUFFALO vs 1 for ARIZONA.
Shots for this period are 13 for BUFFALO vs 7 for ARIZONA.

3rd period


0:01 of 3rd period - Evgeni Malkin wins face-off versus Matt Duchene in neutral zone.
0:01 of 3rd period - Justin Faulk is hit by Brad Marchand and loses puck.
0:06 of 3rd period - Shot by Brad Marchand.
0:06 of 3rd period - Deflect By Alex Killorn.
0:06 of 3rd period - Shot Misses the Net.
0:23 of 3rd period - Justin Faulk is hit by Alex Killorn.
0:41 of 3rd period - Shot by Brad Marchand.
0:41 of 3rd period - Shot Misses the Net.
0:50 of 3rd period - Icing by Thomas Chabot.
0:51 of 3rd period - Eric Staal wins face-off versus Evgeni Malkin in ARIZONA zone.
0:52 of 3rd period - Shot by Phil Kessel.
0:52 of 3rd period - Shot Misses the Net.
0:58 of 3rd period - Shot by James van Riemsdyk.
0:58 of 3rd period - Shot Misses the Net.
1:14 of 3rd period - Shot by Phil Kessel.
1:14 of 3rd period - Shot Misses the Net.
1:24 of 3rd period - Shot by Phil Kessel.
1:24 of 3rd period - Shot Blocked by Bryan Little.
1:26 of 3rd period - Shot by Phil Kessel.
1:26 of 3rd period - Shot Misses the Net.
1:30 of 3rd period - Shot by Phil Kessel.
1:30 of 3rd period - Shot Misses the Net.
1:42 of 3rd period - Shot by Matt Grzelcyk.
1:42 of 3rd period - Shot Blocked by Justin Faulk.
1:44 of 3rd period - Shot by Jordan Staal.
1:44 of 3rd period - Shot Misses the Net.
1:48 of 3rd period - Shot by Marco Scandella.
1:48 of 3rd period - Stopped by Corey Crawford with a rebound.
1:50 of 3rd period - Shot by Charlie Coyle.
1:50 of 3rd period - Stopped by Corey Crawford without a rebound.
1:51 of 3rd period - Mikael Backlund wins face-off versus Noel Acciari in ARIZONA zone.
2:05 of 3rd period - Icing by Roman Josi.
2:06 of 3rd period - Noel Acciari wins face-off versus Jean-Gabriel Pageau in BUFFALO zone.
3:46 of 3rd period - Icing by Jay Bouwmeester.
3:47 of 3rd period - Mikael Backlund wins face-off versus Eric Staal in ARIZONA zone.
4:18 of 3rd period - Shot by James van Riemsdyk.
4:18 of 3rd period - Shot Misses the Net.
5:00 of 3rd period - Zack Kassian is hit by Shea Theodore and loses puck.
5:07 of 3rd period - Shot by Jean-Gabriel Pageau.
5:07 of 3rd period - Shot Blocked by James van Riemsdyk.
6:11 of 3rd period - Icing by Roman Josi.
6:12 of 3rd period - Mikael Backlund wins face-off versus Alex Killorn in BUFFALO zone.
6:40 of 3rd period - Shot by Mikael Backlund.
6:40 of 3rd period - Shot Misses the Net.
7:20 of 3rd period - Shot by Joel Eriksson Ek.
7:20 of 3rd period - Shot Misses the Net.
7:22 of 3rd period - Shot by Jacob Larsson.
7:22 of 3rd period - Shot Misses the Net.
7:24 of 3rd period - Shot by Mario Ferraro.
7:24 of 3rd period - Stopped by Tuukka Rask with a rebound.
7:26 of 3rd period - Shot by Mario Ferraro.
7:26 of 3rd period - Shot Blocked by Matt Grzelcyk.
7:28 of 3rd period - Shot by Joel Eriksson Ek.
7:28 of 3rd period - Deflect By Jean-Gabriel Pageau.
7:28 of 3rd period - Shot Misses the Net.
7:30 of 3rd period - Shot by Joel Eriksson Ek.
7:30 of 3rd period - Stopped by Tuukka Rask without a rebound.
7:31 of 3rd period - Noel Acciari wins face-off versus Evgeni Malkin in BUFFALO zone.
7:38 of 3rd period - Evgeni Malkin is hit by Roman Josi.
7:47 of 3rd period - Icing by Roman Josi.
7:48 of 3rd period - Riley Sheahan wins face-off versus Noel Acciari in BUFFALO zone.
7:53 of 3rd period - Shot by Riley Sheahan.
7:53 of 3rd period - Stopped by Tuukka Rask without a rebound.
7:53 of 3rd period - Minor Penalty to Drew Doughty for Tripping.
7:54 of 3rd period - Brad Marchand wins face-off versus Evgeni Malkin in BUFFALO zone.
8:27 of 3rd period - Shot by Brad Marchand.
8:27 of 3rd period - Stopped by Corey Crawford with a rebound.
9:48 of 3rd period - Shot by Thomas Chabot.
9:48 of 3rd period - Stopped by Tuukka Rask without a rebound.
9:49 of 3rd period - Jordan Staal wins face-off versus Mikael Backlund in BUFFALO zone.
9:58 of 3rd period - Shot by Phil Kessel.
9:58 of 3rd period - Stopped by Corey Crawford without a rebound.
9:59 of 3rd period - Riley Sheahan wins face-off versus Phil Kessel in ARIZONA zone.
9:59 of 3rd period - Riley Sheahan is hit by Eric Staal.
10:02 of 3rd period - Jacob Larsson is hit by Eric Staal and loses puck.
10:13 of 3rd period - Shot by Mario Ferraro.
10:13 of 3rd period - Deflect By Nicolas Aube-Kubel.
10:13 of 3rd period - Stopped by Tuukka Rask with a rebound.
10:15 of 3rd period - Shot by Nicolas Aube-Kubel.
10:15 of 3rd period - Shot Misses the Net.
10:17 of 3rd period - Shot by Brad Richardson.
10:17 of 3rd period - Shot Misses the Net.
10:19 of 3rd period - Shot by Riley Sheahan.
10:19 of 3rd period - Shot Misses the Net.
10:24 of 3rd period - Nicolas Aube-Kubel is hit by Marco Scandella and loses puck.
10:31 of 3rd period - Shot by Jacob Larsson.
10:31 of 3rd period - Stopped by Tuukka Rask without a rebound.
10:32 of 3rd period - Noel Acciari wins face-off versus Mikael Backlund in BUFFALO zone.
10:32 of 3rd period - Noel Acciari is hit by Mikael Backlund.
10:48 of 3rd period - Shot by Ondrej Kase.
10:48 of 3rd period - Shot Misses the Net.
10:50 of 3rd period - Shot by Noah Hanifin.
10:50 of 3rd period - Shot Misses the Net.
11:02 of 3rd period - Shot by Frank Vatrano.
11:02 of 3rd period - Stopped by Corey Crawford without a rebound.
11:03 of 3rd period - Matt Duchene wins face-off versus Evgeni Malkin in ARIZONA zone.
12:14 of 3rd period - Shot by Adrian Kempe.
12:14 of 3rd period - Stopped by Tuukka Rask with a rebound.
12:16 of 3rd period - Shot by Conor Sheary.
12:16 of 3rd period - Shot Blocked by Drew Doughty.
12:18 of 3rd period - Shot by Mikael Backlund.
12:18 of 3rd period - Stopped by Tuukka Rask with a rebound.
12:20 of 3rd period - Shot by Adrian Kempe.
12:20 of 3rd period - Shot Misses the Net.
12:22 of 3rd period - Shot by Adrian Kempe.
12:22 of 3rd period - Shot Misses the Net.
12:24 of 3rd period - Shot by Mikael Backlund.
12:24 of 3rd period - Shot Misses the Net.
13:14 of 3rd period - Shot by Jean-Gabriel Pageau.
13:14 of 3rd period - Shot Misses the Net.
13:16 of 3rd period - Shot by Zack Kassian.
13:16 of 3rd period - Stopped by Tuukka Rask without a rebound.
13:17 of 3rd period - Eric Staal wins face-off versus Riley Sheahan in BUFFALO zone.
13:42 of 3rd period - Shot by Nicolas Aube-Kubel.
13:42 of 3rd period - Shot Blocked by Noah Hanifin.
13:44 of 3rd period - Shot by Riley Sheahan.
13:44 of 3rd period - Shot Misses the Net.
13:48 of 3rd period - Shot by Nicolas Aube-Kubel.
13:48 of 3rd period - Deflect By Brad Richardson.
13:48 of 3rd period - Stopped by Tuukka Rask without a rebound.
13:49 of 3rd period - Joel Eriksson Ek wins face-off versus Charlie Coyle in BUFFALO zone.
13:50 of 3rd period - Shot by Mario Ferraro.
13:50 of 3rd period - Stopped by Tuukka Rask with a rebound.
14:04 of 3rd period - Shot by Jean-Gabriel Pageau.
14:04 of 3rd period - Shot Blocked by Matt Grzelcyk.
14:06 of 3rd period - Shot by Zack Kassian.
14:06 of 3rd period - Shot Misses the Net.
14:14 of 3rd period - Shot by Joel Eriksson Ek.
14:14 of 3rd period - Stopped by Tuukka Rask with a rebound.
14:16 of 3rd period - Shot by Jean-Gabriel Pageau.
14:16 of 3rd period - Shot Blocked by Matt Grzelcyk.
14:18 of 3rd period - Shot by Mario Ferraro.
14:18 of 3rd period - Stopped by Tuukka Rask without a rebound.
14:19 of 3rd period - Evgeni Malkin wins face-off versus Noel Acciari in BUFFALO zone.
14:46 of 3rd period - Shot by Frank Vatrano.
14:46 of 3rd period - Stopped by Corey Crawford without a rebound.
14:47 of 3rd period - Eric Staal wins face-off versus Mikael Backlund in ARIZONA zone.
14:50 of 3rd period - Shot by Eric Staal.
14:50 of 3rd period - Stopped by Corey Crawford without a rebound.
14:51 of 3rd period - Mikael Backlund wins face-off versus Jordan Staal in ARIZONA zone.
15:14 of 3rd period - Shot by Carl Hagelin.
15:14 of 3rd period - Shot Misses the Net.
15:18 of 3rd period - Shot by Charlie Coyle.
15:18 of 3rd period - Stopped by Corey Crawford with a rebound.
15:23 of 3rd period - Icing by Justin Faulk.
15:24 of 3rd period - Eric Staal wins face-off versus Mikael Backlund in ARIZONA zone.
17:26 of 3rd period - Shot by Jordan Staal.
17:26 of 3rd period - Stopped by Corey Crawford with a rebound.
18:03 of 3rd period - Icing by Carl Hagelin.
18:04 of 3rd period - Riley Sheahan wins face-off versus Jordan Staal in BUFFALO zone.
18:35 of 3rd period - Shot by Ondrej Kase.
18:35 of 3rd period - Stopped by Corey Crawford with a rebound.
18:37 of 3rd period - Shot by Drew Doughty.
18:37 of 3rd period - Stopped by Corey Crawford with a rebound.
18:39 of 3rd period - Shot by Noel Acciari.
18:39 of 3rd period - The goal is going for a video replay.
18:39 of 3rd period - The goal is good.
18:39 of 3rd period - Goal by Noel Acciari - BUFFALO : 2 - ARIZONA : 1.
18:40 of 3rd period - Mikael Backlund wins face-off versus Matt Duchene in neutral zone.
19:05 of 3rd period - Shot by Brad Marchand.
19:05 of 3rd period - Shot Blocked by Mikael Backlund.
19:07 of 3rd period - Shot by Brad Marchand.
19:07 of 3rd period - Shot Misses the Net.
19:21 of 3rd period - Shot by Alex Killorn.
19:21 of 3rd period - Stopped by Corey Crawford without a rebound.
19:22 of 3rd period - Jordan Staal wins face-off versus Evgeni Malkin in ARIZONA zone.
19:22 of 3rd period - Jordan Staal is hit by Justin Faulk.
19:32 of 3rd period - ARIZONA, Corey Crawford is pulled from the net.
19:32 of 3rd period - Shot by Thomas Chabot.
19:32 of 3rd period - Goal by Thomas Chabot - BUFFALO : 2 - ARIZONA : 2.
19:32 of 3rd period - Corey Crawford from ARIZONA was sent back in the game.
19:33 of 3rd period - Jean-Gabriel Pageau wins face-off versus James van Riemsdyk in neutral zone.
Goals for this period are 1 for BUFFALO vs 1 for ARIZONA.
Shots for this period are 13 for BUFFALO vs 14 for ARIZONA.

Overtime #1


0:01 of 1st overtime period - Eric Staal wins face-off versus Brad Richardson in neutral zone.
0:12 of 1st overtime period - Shot by Noel Acciari.
0:12 of 1st overtime period - Deflect By Eric Staal.
0:12 of 1st overtime period - Shot Blocked by Jay Bouwmeester.
0:14 of 1st overtime period - Shot by Marco Scandella.
0:14 of 1st overtime period - Shot Misses the Net.
0:16 of 1st overtime period - Shot by Noel Acciari.
0:16 of 1st overtime period - Stopped by Corey Crawford without a rebound.
0:17 of 1st overtime period - Eric Staal wins face-off versus Brad Richardson in ARIZONA zone.
0:34 of 1st overtime period - Shot by Eric Staal.
0:34 of 1st overtime period - Shot Misses the Net.
1:26 of 1st overtime period - Shot by Jordan Staal.
1:26 of 1st overtime period - Goal by Jordan Staal - BUFFALO : 3 - ARIZONA : 2.
Goals for this period are 1 for BUFFALO vs 0 for ARIZONA.
Shots for this period are 2 for BUFFALO vs 0 for ARIZONA.